 Dungeon Crawl Stone Soup version 0.26-a0-190-g75a3d40d47 (webtiles) character file.

Game seed: 1416948978860155137

62743 tilp the Unseen (level 14, 0/72 HPs)
             Began as a Spriggan Enchanter on July 3, 2020.
             Was the Champion of Dithmenos.
             Splashed by an oklob plant's acid (8 damage)
             ... on level 6 of the Lair of Beasts on July 4, 2020.
             The game lasted 00:58:37 (27300 turns).

tilp the Unseen (Spriggan Enchanter)               Turns: 27300, Time: 00:58:38

Health: 0/72       AC: 10    Str: 10    XL:     14   Next: 65%
Magic:  16/36      EV: 31    Int: 27    God:    Dithmenos [******]
Gold:   1838       SH:  7    Dex: 17    Spells: 17/29 levels left

rFire    . . .     SeeInvis +   b - +10 rapier of Jiyss {drain, rElec MP+9 Str+6}
rCold    . . .     Faith    .   G - +0 buckler
rNeg     . . .     Spirit   .   t - +0 steam dragon scales
rPois    .         Reflect  .   K - +2 hat
rElec    +         Harm     .   X - +2 cloak
rCorr    .                      (gloves unavailable)
MR       ++...                  (boots unavailable)
Stlth    ++++++++++             C - amulet of the acrobat
HPRegen  0.22/turn              s - +6 ring of intelligence
MPRegen  0.25/turn              J - +4 ring of protection

@: corroded, wreathed by umbra, very quick
A: very small, unfitting armour, see invisible, herbivore, speed 3, slow
metabolism 2
a: Shadow Step, Shadow Form, Renounce Religion


You were on level 6 of the Lair of Beasts.
You worshipped Dithmenos.
Dithmenos was exalted by your worship.
You were very hungry.

You visited 3 branches of the dungeon, and saw 18 of its levels.
You also visited: Bailey and Gauntlet.

You collected 1838 gold pieces.

Inventory:

Hand Weapons
 a - a +5 dagger
 b - the +10 rapier of Jiyss (weapon) {drain, rElec MP+9 Str+6}
   (You acquired it on level 2 of the Lair of Beasts)

   A truly terrible weapon, it drains the life of those it strikes.
   It affects your strength (+6).
   It insulates you from electricity.
   It affects your magic capacity (+9).
 i - a +7 quick blade
Missiles
 k - 98 poisoned darts (quivered)
 D - 10 curare-tipped darts
 Y - 6 datura-tipped darts
Armour
 t - +0 steam dragon scales (worn)
 G - a +0 buckler (worn)
 K - a +2 hat (worn)
 U - the +0 troll leather armour of the Unseen Realm {Regen+ Dex+3}
   (You found it in a Gauntlet)

   It affects your dexterity (+3).
   It increases your rate of regeneration.
 W - +0 swamp dragon scales
 X - a +2 cloak (worn)
 Z - a +2 troll leather armour
Jewellery
 o - an uncursed ring of protection from cold
 s - a +6 ring of intelligence (left hand)
 x - an uncursed ring of flight
 C - an amulet of the acrobat (around neck)
 F - the ring of Batrucax {rF+ Dex+3 Stlth-}
   (You found it on level 8 of the Dungeon)

   [ring of attention]

   It affects your dexterity (+3).
   It protects you from fire.
   It makes you less stealthy.
 J - a +4 ring of protection (right hand)
Wands
 l - a wand of disintegration (14)
 u - a wand of enslavement (6)
 w - a wand of polymorph (21)
 y - a wand of iceblast (11)
 A - a wand of paralysis (38)
 H - a wand of digging (5)
Scrolls
 f - 2 scrolls of fog
 n - 5 scrolls of remove curse
 q - a scroll of immolation
 r - 3 scrolls of fear
 z - 7 scrolls of teleportation
 E - 2 scrolls of vulnerability
 N - a scroll of blinking
 S - 4 scrolls of amnesia
Potions
 d - 7 potions of flight
 e - 7 potions of curing
 h - 3 potions of mutation
 j - 2 potions of magic
 m - 5 potions of haste
 p - 5 potions of might
 v - 3 potions of cancellation
 B - 2 potions of resistance
 I - a potion of invisibility
 L - 3 potions of brilliance
 M - a potion of heal wounds
 O - a potion of stabbing
 Q - a potion of experience {unknown}
Miscellaneous
 g - a phial of floods
 V - a phantom mirror
Comestibles
 c - 12 rations


   Skills:
 + Level 7.5 Fighting
 * Level 12.5 Short Blades
 + Level 16.3 Dodging
 + Level 16.5 Stealth
 - Level 4.0 Shields
 - Level 8.0 Spellcasting
 - Level 10.0 Hexes
 + Level 6.6 Invocations
 + Level 9.2 Evocations


You had 17 spell levels left.
You knew the following spells:

 Your Spells              Type           Power        Failure   Level  Hunger
a - Corona                Hex            ######.      1%          1    None
b - Ensorcelled Hibernat  Hex/Ice        #####.       1%          2    None
c - Confusing Touch       Hex            ######..     1%          3    None
d - Tukima's Dance        Hex            ######..     1%          3    None
e - Dazzling Flash        Conj/Hex       #####.       2%          3    None

Your spell library contained the following spells:

 Spells                   Type           Power        Failure   Level  Hunger
 Inner Flame              Hex/Fire       #####...     2%          3    None
 Foxfire                  Conj/Fire      ##..         6%          1    None
 Conjure Flame            Conj/Fire      ##......     19%         3    None
 Sticky Flame             Conj/Fire      ##......     54%         4    ##.....
 Fireball                 Conj/Fire      ##........   87%         5    ####...
 Malign Gateway           Summ/Tloc      ##........   100%        7    #######
 Monstrous Menagerie      Summ           ##........   100%        7    #######
 Summon Greater Demon     Summ           ##........   100%        7    #######
 Summon Horrible Things   Summ           ##........   100%        8    #######


Dungeon Overview and Level Annotations

Branches:
Dungeon (11/15)            Temple (1/1) D:5            Lair (6/6) D:11
  Swamp (0/4) Lair:4       Spider (0/4) Lair:3        Slime (0/5) Lair:6
    Orc (0/2) D:10         Bailey (visited)         Gauntlet (visited)

Altars:
Ashenzari
Cheibriados
Dithmenos
Elyvilon
Fedhas
Gozag
Hepliaklqana
Kikubaaqudgha
Makhleb
Nemelex Xobeh
Okawaru
Qazlal
Ru
Sif Muna
Trog
Uskayaw
Vehumet
Wu Jian
Xom
Yredelemnul
Zin
The Shining One

Portals:
Trove: D:10 (give 14 scrolls of teleportation)

Annotations:
Lair:2 3 runed translucent doors, Kecisof's ghost, journeyman DDFi
Lair:6 exclusion: 2 oklob plants


Innate Abilities, Weirdness & Mutations

You are very small and have problems with some larger weapons.
You are too small for most types of armour.
You have supernaturally acute eyesight. (SInv)
You are a herbivore.
You cover ground extremely quickly.
You need to consume almost no food.


Message History

Something blocks your shadow step.
Aiming: Shadow Step
Press: ? - help, Dir - move target cursor, f - oklob plant, p - oklob plant
Aim: an oklob plant (unaware, hasn't noticed you, umbra)
You step into the oklob plant's shadow.
The oklob plant spits acid at you. The splash of acid hits you!
You are splashed with acid!
You puncture the oklob plant!
The oklob plant is lightly damaged.
Your shadow hits the oklob plant but does no damage.
You puncture the oklob plant!
The oklob plant is moderately damaged.
The oklob plant spits acid at you. The splash of acid hits you.
The acid corrodes you!
You are splashed with acid!
* * * LOW HITPOINT WARNING * * *
The oklob plant spits acid at you. The splash of acid hits you!
* * * LOW HITPOINT WARNING * * *
You are splashed with acid!
You die...

...#### ###.##P.....#... .#.##
#..###.......P. ....##
###...##......... .....# ##
###P#...##......... ##.###
#.####.P.#..###.....P... ##...#
##..$........###......#. #...P###
...................#....
##.P##.##.................#......
#....#.........P@..........#....#
...##......?..PP................#
..............PP.P...?...........
......#........PP........)PP###..
.8..###.#...../.........##### #.P
.....###...............P# ####..
......#.#.#............## #.##..
....##.#..#.....P..}##.#####.....
8.........###.P.P..P..##..##.....


You could see 2 oklob plants.

Vanquished Creatures
  Rupert (Lair:5)
  An orc warlord (Bailey)
  A minotaur (Gauntlet)
  Josephine (Lair:6)
  6 hydras
  4 catoblepae (Lair:6)
  Erica (D:10)
  15 death yaks
  Sonja (Lair:6)
  Pikel (D:8)
  A deep elf mage (D:10)
  2 manticores (Lair:6)
  3 oklob plants (Lair:6)
  A cyclops (D:11)
  A moth of wrath (Gauntlet)
  3 black mambas
  6 elephants
  3 torpor snails (Lair:2)
  A gargoyle (D:11)
  11 cane toads
  Maggie (D:10)
  11 komodo dragons
  2 rime drakes
  2 trolls
  3 polar bears
  2 hornets (D:10)
  4 tyrant leeches
  8 blink frogs
  A redback (Lair:3)
  7 hippogriffs
  A spriggan (Lair:5)
  A wyvern (D:11)
  51 yaks
  Eustachio (D:4)
  5 basilisks
  5 wraiths
  3 steam dragons
  2 hungry ghosts
  Edmund (D:4)
  5 swamp worms (Gauntlet)
  10 water moccasins
  10 porcupines
  An ice beast (D:5)
  A swamp drake (D:10)
  4 black bears
  3 sky beasts
  10 orc warriors
  30 wolves
  A phantom (D:8)
  7 ogres
  6 crocodiles
  10 centaurs
  A lemure (D:8)
  Blork the orc (D:4)
  2 big kobolds
  11 bullfrogs
  A wyvern skeleton (D:10)
  2 scorpions
  A water moccasin skeleton (D:9)
  4 wights
  4 howler monkeys
  2 electric eels (Lair:3)
  A bullfrog zombie (D:9)
  5 jellies
  8 hounds
  A bullfrog skeleton (D:2)
  A centaur skeleton (D:6)
  8 orc priests
  4 iguanas
  Natasha (thrice) (D:4)
  13 orc wizards
  9 worker ants
  A killer bee zombie (D:10)
  A hound zombie (D:6)
  3 hound skeletons
  A worker ant zombie (D:5)
  5 adders
  5 gnolls
  A shadow imp (D:8)
  3 white imps
  An ufetubus (D:6)
  3 worms
  2 dart slugs
  5 leopard geckos
  52 orcs
  7 bats
  6 giant cockroaches
  11 goblins
  6 hobgoblins
  10 jackals
  19 kobolds
  5 quokkas
  3 frilled lizards
  A giant cockroach zombie (D:5)
  A jackal zombie (D:6)
  A leopard gecko skeleton (D:4)
  A leopard gecko zombie (D:8)
  5 rats
514 creatures vanquished.

Vanquished Creatures (others)
  A centaur (D:11)
  A rat (D:2)
  18 fungi
  17 plants
  14 withered plants (Gauntlet)
51 creatures vanquished.

Grand Total: 565 creatures vanquished

Notes
Turn   | Place    | Note
-------+----------+-------------------------------------------
     0 | D:1      | tilp the Spriggan Enchanter began the quest for the Orb.
     0 | D:1      | Reached XP level 1. HP: 9/9 MP: 5/5
   363 | D:1      | Reached XP level 2. HP: 9/13 MP: 7/7
   459 | D:1      | Learned a level 2 spell: Ensorcelled Hibernation
   960 | D:2      | Reached skill level 5 in Stealth
  1166 | D:2      | Found a snail-covered altar of Cheibriados.
  2233 | D:1      | Reached XP level 3. HP: 11/16 MP: 3/8
  2238 | D:1      | Learned a level 3 spell: Confusing Touch
  2628 | D:2      | Reached XP level 4. HP: 20/21 MP: 6/10
  2654 | D:2      | You fall into a shaft and drop 1 floor!
  4274 | D:3      | Reached XP level 5. HP: 24/24 MP: 5/12
  5083 | D:4      | Noticed Natasha
  5201 | D:4      | Noticed an ogre
  5218 | D:4      | Killed an ogre
  5218 | D:4      | Reached skill level 5 in Spellcasting
  5218 | D:4      | Reached XP level 6. HP: 28/28 MP: 7/14
  5515 | D:4      | Noticed Edmund
  5517 | D:4      | Noticed Blork the orc
  5751 | D:4      | Noticed Eustachio
  5754 | D:4      | Identified the cursed +0 cloak of the Gusle {SInv} (You
                  | found it on level 4 of the Dungeon)
  5772 | D:4      | Killed Eustachio
  5846 | D:4      | Found a sparkling altar of Nemelex Xobeh.
  5959 | D:4      | Killed Blork the orc
  5959 | D:4      | Reached XP level 7. HP: 22/32 MP: 5/16
  6169 | D:5      | Entered Level 5 of the Dungeon
  6176 | D:5      | Found a staircase to the Ecumenical Temple.
  6245 | Temple   | Entered the Ecumenical Temple
  6449 | Temple   | Became a worshipper of Dithmenos the Shadowed
  6582 | D:5      | Reached skill level 5 in Short Blades
  6707 | D:5      | Noticed a hungry ghost
  6749 | D:5      | Killed a hungry ghost
  6749 | D:5      | Reached skill level 5 in Hexes
  6975 | D:5      | Noticed a steam dragon
  6977 | D:5      | Noticed a steam dragon
  7154 | D:5      | Killed a steam dragon
  7328 | D:5      | Killed a steam dragon
  7328 | D:5      | Reached XP level 8. HP: 36/36 MP: 11/18
  7482 | D:5      | You fall into a shaft and drop 1 floor!
  7775 | D:5      | Reached skill level 1 in Fighting
  7856 | D:5      | Found a stormy altar of Qazlal.
  8112 | D:4      | Killed Edmund
  8433 | D:4      | Killed Natasha
  8433 | D:4      | Reached * piety under Dithmenos
  8437 | D:4      | Reached skill level 5 in Dodging
  8684 | D:4      | Noticed Natasha
  8692 | D:4      | Killed Natasha
  8707 | D:4      | Noticed Natasha
  8715 | D:4      | Killed Natasha
  9054 | D:6      | Reached XP level 9. HP: 44/44 MP: 19/19
  9568 | D:6      | Reached ** piety under Dithmenos
  9908 | D:7      | Reached skill level 10 in Stealth
 10628 | D:8      | Noticed Pikel
 10635 | D:8      | Killed Pikel
 11085 | D:8      | Reached XP level 10. HP: 44/49 MP: 13/20
 11412 | D:8      | Got a flickering amber ring
 11413 | D:8      | Identified the ring of Batrucax {rF+ Dex+3 Stlth-} (You
                  | found it on level 8 of the Dungeon)
 11621 | D:8      | Reached *** piety under Dithmenos
 12113 | D:9      | Reached skill level 1 in Shields
 13076 | D:10     | Entered Level 10 of the Dungeon
 13092 | D:10     | Noticed Erica
 13109 | D:10     | Killed Erica
 13224 | D:10     | Reached skill level 1 in Evocations
 13271 | D:10     | Found a flagged portal.
 13283 | D:10     | Reached **** piety under Dithmenos
 13294 | Bailey   | Entered a bailey
 13299 | Bailey   | Noticed an orc warlord
 13346 | Bailey   | Found a runed translucent gate.
 13349 | Bailey   | Reached skill level 1 in Invocations
 13363 | Bailey   | Found a runed translucent gate.
 13364 | Bailey   | Found a runed translucent gate.
 13510 | Bailey   | Killed an orc warlord
 13510 | Bailey   | Reached XP level 11. HP: 51/52 MP: 13/24
 13710 | D:10     | Learned a level 3 spell: Tukima's Dance
 13714 | D:10     | Learned a level 3 spell: Dazzling Flash
 13801 | D:10     | Noticed a deep elf mage
 14017 | D:10     | Killed a deep elf mage
 14075 | D:10     | Reached ***** piety under Dithmenos
 14147 | D:10     | Noticed a seven-headed hydra
 14178 | D:10     | Killed a seven-headed hydra
 14178 | D:10     | Reached skill level 5 in Evocations
 14673 | D:10     | Got an ichor-stained rapier
 14674 | D:10     | Identified the +3 rapier of Qumamar {elec, *Contam Str+6}
                  | (You found it on level 10 of the Dungeon)
 15048 | D:10     | Found a staircase to the Orcish Mines.
 15312 | D:10     | Noticed Maggie
 15316 | D:10     | Killed Maggie
 15979 | D:10     | Found a portal to a secret trove of treasure.
 16592 | D:11     | Found a staircase to the Lair.
 16897 | D:11     | Reached skill level 10 in Dodging
 17075 | D:11     | Reached XP level 12. HP: 58/58 MP: 22/25
 17384 | Lair:1   | Entered Level 1 of the Lair of Beasts
 17385 | Lair:1   | Upgraded the game from 0.26-a0-180-ge96aa7da28 to
                  | 0.26-a0-190-g75a3d40d47
 17440 | Lair:1   | Noticed a four-headed hydra
 17467 | Lair:1   | Killed a four-headed hydra
 17671 | Lair:1   | Reached skill level 5 in Fighting
 17961 | Lair:1   | Noticed an eight-headed hydra
 17974 | Lair:1   | Killed an eight-headed hydra
 17974 | Lair:1   | Reached skill level 10 in Hexes
 18097 | Lair:1   | Noticed a six-headed hydra
 18101 | Lair:1   | Killed a six-headed hydra
 18278 | Lair:1   | Found a burning altar of Makhleb.
 18633 | Lair:2   | Reached skill level 10 in Short Blades
 18870 | Lair:2   | Found a snail-covered altar of Cheibriados.
 18925 | Lair:2   | Found a runed translucent gate.
 19186 | Lair:2   | Reached skill level 15 in Stealth
 19885 | Lair:2   | Found a runed translucent gate.
 19885 | Lair:2   | Noticed Kecisof's ghost (journeyman DDFi)
 19885 | Lair:2   | Noticed an 11-headed hydra
 19886 | Lair:2   | Found a runed translucent gate.
 19889 | Lair:2   | Noticed a ten-headed hydra
 20032 | Lair:2   | Identified a scroll of acquirement
 20033 | Lair:2   | Got the +10 rapier of Jiyss {drain, rElec MP+9 Str+6}
 20116 | Lair:3   | Noticed an eight-headed hydra
 20122 | Lair:3   | Killed an eight-headed hydra
 20207 | Lair:3   | Found a hole to the Spider Nest.
 20319 | Lair:3   | Found a gate leading to a gauntlet.
 20351 | Gauntlet | Entered a Gauntlet
 20351 | Gauntlet | Found a transporter.
 20464 | Gauntlet | Found a transporter.
 20466 | Gauntlet | Found a transporter.
 20468 | Gauntlet | Found a transporter.
 20470 | Gauntlet | Found a large runed translucent door.
 20470 | Gauntlet | Found a large runed translucent door.
 20471 | Gauntlet | Found a large runed translucent door.
 20471 | Gauntlet | Found a large runed translucent door.
 20496 | Gauntlet | Found a transporter.
 20498 | Gauntlet | Found a transporter.
 20509 | Gauntlet | Found a transporter.
 20525 | Gauntlet | Found a transporter.
 20533 | Gauntlet | Found a transporter.
 20550 | Gauntlet | Found a transporter.
 20567 | Gauntlet | Found a transporter.
 20587 | Gauntlet | Found a transporter.
 20589 | Gauntlet | Noticed a hell beast
 20595 | Gauntlet | Found a large runed translucent door.
 20596 | Gauntlet | Found a large runed translucent door.
 20597 | Gauntlet | Found a large runed translucent door.
 20597 | Gauntlet | Found a large runed translucent door.
 20598 | Gauntlet | Found a runed translucent gate.
 20599 | Gauntlet | Found a transporter.
 20599 | Gauntlet | Found a runed translucent gate.
 20600 | Gauntlet | Found a runed translucent gate.
 20601 | Gauntlet | Found a large runed translucent door.
 20601 | Gauntlet | Found a large runed translucent door.
 20602 | Gauntlet | Found a large runed translucent door.
 20603 | Gauntlet | Found a large runed translucent door.
 20611 | Gauntlet | Found a transporter.
 20613 | Gauntlet | Found a large runed translucent door.
 20613 | Gauntlet | Found a large runed translucent door.
 20613 | Gauntlet | Found a runed translucent door.
 20613 | Gauntlet | Found a runed translucent door.
 20622 | Gauntlet | Noticed a death yak
 20623 | Gauntlet | Noticed a death yak
 20624 | Gauntlet | Found a transporter.
 20624 | Gauntlet | Noticed a death yak
 20625 | Gauntlet | Noticed a death yak
 20648 | Gauntlet | Found a transporter.
 20665 | Gauntlet | Found a transporter.
 20667 | Gauntlet | Found a transporter.
 20745 | Gauntlet | Reached XP level 13. HP: 53/65 MP: 8/26
 20842 | Gauntlet | Found a large runed translucent door.
 20842 | Gauntlet | Found a large runed translucent door.
 20976 | Gauntlet | Noticed a minotaur
 21020 | Gauntlet | Killed a minotaur
 21317 | Gauntlet | Got a steaming troll leather armour
 21318 | Gauntlet | Identified the +0 troll leather armour of the Unseen Realm
                  | {Regen+ Dex+3} (You found it in a Gauntlet)
 21585 | Lair:3   | Reached skill level 15 in Dodging
 22470 | Lair:4   | Reached ****** piety under Dithmenos
 23253 | Lair:4   | Found a staircase to the Swamp.
 23476 | Lair:5   | Reached skill level 5 in Invocations
 23880 | Lair:5   | You fall into a shaft and drop 1 floor!
 23880 | Lair:6   | Entered Level 6 of the Lair of Beasts
 24062 | Lair:6   | Reached XP level 14. HP: 48/70 MP: 18/27
 24176 | Lair:5   | Noticed Rupert
 24178 | Lair:5   | Killed Rupert
 25064 | Lair:6   | Found a staircase to the Slime Pits.
 25169 | Lair:6   | Noticed Sonja
 25176 | Lair:6   | Noticed Josephine
 25231 | Lair:6   | Killed Josephine
 25994 | Lair:6   | Killed Sonja
 27300 | Lair:6   | Splashed by an oklob plant's acid

Illustrated notes

Levels and vault maps discovered:
D:1:      nagdon_arrival_double_spiral, layout_loops_ring
D:2:      layout_rooms, lemuel_altar_in_water
D:3:      layout_loops_ring
D:4:      layout_basic, first_ration, minmay_misc_feat_plants,
          nemelex_diamond_rough_becter, uniq_natasha, uniq_eustachio,
          uniq_edmund, uniq_blork_the_orc
D:5:      kennysheep_steamy, layout_basic, overflow_temple_1_default,
          minmay_temple_entry_grid, minmay_misc_feat_square
D:6:      layout_rooms
D:7:      layout_cave_pools, serial_glass, glass_columns_b, glass_columns_b,
          due_unseen_surprise, minmay_strange_pillars, feat_on_display,
          minmay_strange_pillars
D:8:      layout_loops_corners, uniq_pikel
D:9:      layout_grid_maze
D:10:     layout_basic, erik_orc_1, enter_bailey_3, enter_trove_6,
          hangedman_pestilent_swarm, minmay_pinched_square, uniq_maggie,
          uniq_erica
D:11:     layout_irregular_city, david_lair_shrubbed, minmay_between
Temple:   minmay_crystal_snake_temple
Lair:1:   layout_regular_city, basic_altar
Lair:2:   layout_regular_city, gammafunk_ghost_hydra_chop,
          kennysheep_snail_temple, grunt_megastairs_5
Lair:3:   layout_hall_layers, spider_nest_entry_a, gauntlet_entry_generic,
          st_stairs_5, beast_lair_carwin_11, infiniplex_staircase_pool,
          serial_bayou_shore_b
Lair:4:   layout_big_grid, minmay_swamp_entry_worms, st_stairs_12,
          beast_lair_carwin_7, grunt_megastairs_2
Lair:5:   layout_regular_city, grunt_forest_stairs_clearing, uniq_rupert
Lair:6:   evilmike_catoblepas_cave, layout_loops_ring, slime_dummy,
          dpeg_oklob_1, uniq_sonja, uniq_josephine

Skill      XL: |  1  2  3  4  5  6  7  8  9 10 11 12 13 14 |
---------------+-------------------------------------------+-----
Spellcasting   | 3 4 5 6 8 |  8.0
Stealth        | 5 6 7 8 12 13 15 16 | 16.5
Short Blades   | 2 3 4 5 8 9 10 11 12 | 12.5
Hexes          | 7 8 9 10 | 10.0
Fighting       | 3 4 6 7 |  7.5
Dodging        | 8 10 14 15 16 | 16.3
Shields        | 4 |  4.0
Evocations     | 3 6 7 9 |  9.2
Invocations    | 1 4 5 6 |  6.6

Action                   |  1- 3 |  4- 6 |  7- 9 | 10-12 | 13-15 || total
-------------------------+-------+-------+-------+-------+-------++-------
Melee: Dagger            |   118 |   153 |   398 |   771 |   401 ||  1841
       Rapier            |       |       |       |     4 |    27 ||    31
Throw: Dart              |    11 |       |       |     4 |     4 ||    19
 Cast: Corona            |     9 |     1 |       |       |       ||    10
       Ensorcelled Hiber |    20 |    53 |    82 |   149 |   108 ||   412
       Confusing Touch   |     1 |       |    15 |    28 |    34 ||    78
       Dazzling Flash    |       |       |       |     6 |     4 ||    10
Invok: Shadow Step       |       |       |       |     4 |     4 ||     8
Evoke: Wand              |       |       |     1 |       |     2 ||     3
  Use: Scroll            |     4 |     7 |     5 |    13 |    10 ||    39
       Potion            |       |     2 |     1 |     3 |     1 ||     7
 Stab: Sleeping          |     9 |    28 |    52 |   124 |   105 ||   318
       Confused          |     1 |       |    17 |    27 |    45 ||    90
       Distracted        |       |       |     1 |     4 |     2 ||     7
       Invisible         |       |       |       |     4 |     4 ||     8
       Petrifying        |       |       |       |       |     1 ||     1
       Petrified         |       |       |       |       |     1 ||     1
       Paralysed         |       |       |       |       |     1 ||     1
  Eat: Ration            |       |     3 |     4 |     5 |     3 ||    15
Armor: Robe              |    15 |    13 |    12 |       |       ||    40
       Steam dragon scal |       |       |    27 |    44 |    26 ||    97
Dodge: Dodged            |   120 |   128 |   282 |   552 |   279 ||  1361
Block: Buckler           |       |       |       |    86 |   100 ||   186

Table legend:
 A = Non-vault XP
 B = Vault XP
 C = Vault XP percentage of total XP
 D = Non-vault monster count
 E = Vault monster count
 F = Vault count percentage of total count
                 A         B        C        D         E       F
            +---------+---------+-------+---------+---------+-------
      Total |   48257 |   41377 |  46.2 |     367 |     146 |  28.5
            +---------+---------+-------+---------+---------+-------
        D:1 |      21 |       0 |   0.0 |      11 |       0 |   0.0
        D:2 |      91 |       0 |   0.0 |      13 |       0 |   0.0
        D:3 |     124 |       0 |   0.0 |      26 |       0 |   0.0
        D:4 |     414 |     511 |  55.2 |      14 |       4 |  22.2
        D:5 |     638 |     374 |  37.0 |      18 |       2 |  10.0
        D:6 |    1461 |       0 |   0.0 |      28 |       0 |   0.0
        D:7 |     843 |       0 |   0.0 |      15 |       0 |   0.0
        D:8 |     791 |     607 |  43.4 |      27 |       1 |   3.6
        D:9 |    1477 |       0 |   0.0 |      30 |       0 |   0.0
       D:10 |    2386 |    5570 |  70.0 |      28 |      41 |  59.4
       D:11 |    3501 |    1176 |  25.1 |      30 |       5 |  14.3
     Lair:1 |    6124 |       0 |   0.0 |      16 |       0 |   0.0
     Lair:2 |    4130 |    1460 |  26.1 |      21 |       4 |  16.0
     Lair:3 |    5524 |    1819 |  24.8 |      17 |       9 |  34.6
     Lair:4 |    6852 |    3509 |  33.9 |      29 |      11 |  27.5
     Lair:5 |    7158 |    3828 |  34.8 |      18 |       7 |  28.0
     Lair:6 |    6722 |   17088 |  71.8 |      26 |      31 |  54.4
     Bailey |       0 |    2101 | 100.0 |       0 |      19 | 100.0
   Gauntlet |       0 |    3334 | 100.0 |       0 |      12 | 100.0
            +---------+---------+-------+---------+---------+-------
